 Dungeon Crawl Stone Soup version 0.28-a0-461-g2dc4ca5097 (webtiles) character file.

Game seed: 5057240273577376899

47 solopath the Poker (level 3, 0/27 HPs)
             Began as a Demonspawn Gladiator on Sept 13, 2021.
             Slain by Sigmund (3 damage)
             ... on level 2 of the Dungeon.
             The game lasted 00:02:38 (1722 turns).

solopath the Poker (Demonspawn Gladiator)           Turns: 1722, Time: 00:02:39

Health: 0/27       AC:  5    Str: 14    XL:     3   Next: 48%
Magic:  3/3        EV: 12    Int: 10    God:
Gold:   52         SH:  4    Dex: 14    Spells: 2/2 levels left

rFire   . . .      SeeInvis .   a - +0 trident
rCold   . . .      Faith    .   (no shield)
rNeg    . . .      Spirit   .   b - +0 leather armour
rPois   .          Reflect  .   c - +0 helmet
rElec   .          Harm     .   (no cloak)
rCorr   .          Rampage  .   (no gloves)
Will    .....                   e - +0 pair of boots
Stlth   +.........              (no amulet)
HPRegen 0.09/turn               (no ring)
MPRegen 0.08/turn               (no ring)

@: hasted, very quick
A: large bone plates 1
a: no special abilities


You were on level 2 of the Dungeon.
You visited 1 branch of the dungeon, and saw 2 of its levels.

You collected 52 gold pieces.

Inventory:

Hand Weapons
 a - a +0 trident (weapon)
Missiles
 d - 2 throwing nets (quivered)
Armour
 b - a +0 leather armour (worn)
 c - a +0 helmet (worn)
 e - a +0 pair of boots (worn)
Scrolls
 f - a scroll of enchant weapon {unknown}


   Skills:
 - Level 2.0 Fighting
 + Level 4.1 Polearms
 - Level 1.7 Throwing
 - Level 2.6 Dodging


You had 2 spell levels left.
You didn't know any spells.
Your spell library contained the following spells:

 Spells                   Type           Power      Damage    Failure   Level
 Shock                    Conj/Air       0%         1d3       43%         1
 Gell's Gravitas          Tloc           0%         N/A       82%         3
 Swiftness                Air            0%         N/A       82%         3
 Teleport Other           Tloc           0%         N/A       82%         3
 Airstrike                Air            0%         N/A       99%         4
 Dispersal                Tloc           0%         N/A       100%        6


Dungeon Overview and Level Annotations

Branches:
Dungeon (2/15)

Altars:

Annotations:
D:2 1 runed translucent door, Crazy Yiuf, Robin, Sigmund


Innate Abilities, Weirdness & Mutations

You are partially covered in large bone plates. (SH +4)


Message History

You add the spells Gell's Gravitas, Teleport Other and Dispersal to your library.
Sigmund is nearby!
Sigmund is nearby!
Sigmund shouts!
It was a potion of haste.
You feel yourself speed up.
Sigmund zaps a wand.
The puff of flame hits you.
You see here 22 arrows.
You reach to attack!
You closely miss Sigmund.
Sigmund casts a spell.
Sigmund flickers and vanishes!
Deactivating autopickup; reactivate with Ctrl-A.
No target in view!
Found an escape hatch in the floor.
You closely miss something. You block something's attack.
You closely miss something. You closely miss something. Something hits you.
Throw: 3 throwing nets
Press: ? - help, Q - select action Shift-Dir - straight line You throw a throwing net.
Something gets caught in the net!
You closely miss something.
Something wriggles in the net.
You barely miss something.
You hear some strange, mumbled words.
A magic dart appears from out of thin air!
The magic dart hits you!
* * * LOW HITPOINT WARNING * * *
Something wriggles in the net.
You hit something. You closely miss something. You hit something.
Something wriggles in the net.
You hit something.
Something wriggles in the net.
You barely miss something.
Something wriggles in the net.
All of a sudden the net rips apart!
You barely miss something.
You hear a zap.
A puff of flame appears from out of thin air!
The puff of flame hits you.
* * * LOW HITPOINT WARNING * * *
You hit something. You closely miss something. Something hits you.
You die...

...... # ....... #
.#. ........ # ..#
####......... #
#.#
###<..g......#. #
#.#
#g..#.##.....## #
#.# ##.###.# ... #
# #.# ###{...... .
# #.# #.@......S
## #.####(##.....#
# .#
#..#...##.....# .
)##
#####.#.####...>.#
..## #.......# ...
... ...##
#.###.### ..
....###.# #..# #
.##..#..# ##.#
#.##.#.## .#


You could see an adder (wandering).

Vanquished Creatures
  A dart slug (D:2)
  2 ball pythons
  4 endoplasms
  2 giant cockroaches
  6 hobgoblins
  A kobold (D:2)
  A quokka (D:1)
  4 bats
  3 frilled lizards (D:1)
  13 goblins
  2 rats (D:1)
39 creatures vanquished.

Notes
Turn   | Place    | Note
-------+----------+-------------------------------------------
     0 | D:1      | solopath the Demonspawn Gladiator began the quest for the
                  | Orb.
     0 | D:1      | Reached XP level 1. HP: 16/16 MP: 1/1
   175 | D:1      | Reached skill level 3 in Polearms
   189 | D:1      | Gained mutation: You are partially covered in large bone
                  | plates. (SH +4) [demonic ancestry]
   189 | D:1      | Reached XP level 2. HP: 22/22 MP: 2/2
   551 | D:2      | Noticed Robin
  1008 | D:2      | Reached XP level 3. HP: 27/27 MP: 3/3
  1159 | D:2      | Reached skill level 4 in Polearms
  1162 | D:2      | Noticed Sigmund
  1634 | D:2      | Found a runed translucent door.
  1635 | D:2      | Noticed Crazy Yiuf
  1722 | D:2      | Slain by Sigmund

Illustrated notes

Levels and vault maps discovered:
D:1:      ncdulo_halloftheorcs, layout_rooms
D:2:      layout_rooms, grunt_ministairs_2, minmay_bisected, uniq_natasha,
          uniq_robin, uniq_sigmund, uniq_crazy_yiuf_cottage

Skill      XL: |  1  2  3 |
---------------+----------+-----
Polearms       | 3 4 |  4.1
Fighting       | |  2.0
Throwing       | |  1.7
Dodging        | |  2.6

Action                   || total
-------------------------++-------
Melee: Trident           ||   129
Throw: Throwing net      ||     1
  Use: Scroll            ||     1
       Potion            ||     1
Armor: Leather armour    ||    54
Dodge: Dodged            ||    74
Block: Other             ||    34

Table legend: (Time is in decaauts)
 A = Elapsed time spent in this place.
 B = Non-inter-level travel time spent in this place.
 C = Inter-level travel time spent in this place.
 D = Time resting spent in this place.
 E = Time spent auto-exploring this place.
 F = Levels seen in this place.
 G = Mean time per level.
                   A        B        C        D        E       F      G
               +--------+--------+--------+--------+--------+-----+--------+
         Total |   1735 |   1735 |      0 |    728 |    652 |   2 |  867.5 |
       Dungeon |   1735 |   1735 |      0 |    728 |    652 |   2 |  867.5 |
               +--------+--------+--------+--------+--------+-----+--------+

Top non-repeatable levels by time:
     D:1: 1396 daAuts
     D:2: 338 daAuts
